 Dungeon Crawl Stone Soup version 0.23-a0-582-g1b4a0ca (webtiles) character file.

2730 tilp the Frost Mage (level 9, -11/65 HPs)
             Began as a Merfolk Ice Elementalist on Dec 16, 2018.
             Was a Believer of Vehumet.
             Splashed by an orc warrior's acid (13 damage)
             ... on level 7 of the Dungeon.
             The game lasted 00:25:25 (9311 turns).

tilp the Frost Mage (Merfolk Ice Elementalist)      Turns: 9311, Time: 00:25:26

Health: -11/65     AC: 13    Str:  8    XL:     9   Next: 67%
Magic:  13/18      EV: 15    Int: 17    God:    Vehumet [**....]
Gold:   419        SH:  5    Dex: 15    Spells: 5/20 levels left

rFire    + . .     SeeInvis +   b - +1 dagger (drain)
rCold    . . .     Gourm    .   A - +0 buckler (curse)
rNeg     . . .     Faith    .   x - +3 leather armour {rF+}
rPois    .         Spirit   .   (no helmet)
rElec    .         Reflect  .   (no cloak)
rCorr    .         Harm     .   (no gloves)
MR       .....                  (no boots)
Stlth    ++........             o - amulet of the acrobat
HPRegen  0.20/turn              g - ring of see invisible
MPRegen  0.16/turn              h - ring of wizardry

@: icy armour, very slightly contaminated
A: change form in water, swift swim, stealthy swim
a: Renounce Religion


You were on level 7 of the Dungeon.
You worshipped Vehumet.
Vehumet was pleased with you.
You were not hungry.

You visited 2 branches of the dungeon, and saw 8 of its levels.

You collected 419 gold pieces.

Inventory:

Hand Weapons
 a - a +0 halberd
 b - a +1 dagger of draining (weapon)
 t - a +1 spear
Missiles
 k - 217 stones (quivered)
 n - 90 sling bullets
Armour
 x - a +3 leather armour of fire resistance (worn)
 A - a cursed +0 buckler (worn)
 D - a +2 robe of cold resistance
Jewellery
 g - a ring of see invisible (left hand)
 h - a ring of wizardry (right hand)
 o - an amulet of the acrobat (around neck)
 B - an uncursed ring of fire {unknown}
 C - a +3 amulet of reflection
 H - a +2 ring of evasion {unknown}
Wands
 F - a wand of disintegration (9)
 I - a wand of digging (5)
Scrolls
 d - a scroll of fog
 e - a scroll of noise {unknown}
 f - a scroll of fear {unknown}
 i - 4 scrolls of remove curse
 j - a scroll of enchant armour
 p - a scroll of amnesia {unknown}
 u - 3 scrolls of teleportation
 v - a scroll of immolation {unknown}
 w - 2 scrolls of enchant weapon
 y - a scroll of blinking {unknown}
 z - 2 scrolls of magic mapping
 G - a scroll of acquirement {unknown}
Potions
 l - a potion of berserk rage
 q - 3 potions of might
 r - a potion of resistance
 s - 3 potions of curing
 E - a potion of flight
 J - a potion of cancellation
Comestibles
 c - 16 rations


   Skills:
 - Level 4.0 Fighting
 + Level 2.3 Polearms
 - Level 6.7 Dodging
 - Level 2.1 Stealth
 - Level 4.0 Shields
 - Level 6.2 Spellcasting
 - Level 2.0 Conjurations
 - Level 4.2 Charms
 - Level 8.0 Ice Magic


You had 5 spell levels left.
You knew the following spells:

 Your Spells              Type           Power        Failure   Level  Hunger
a - Freeze                Ice            ####         1%          1    None
b - Throw Frost           Conj/Ice       ###...       1%          2    None
c - Ozocubu's Armour      Chrm/Ice       ####....     1%          3    ##.....
d - Throw Icicle          Conj/Ice       ###.....     9%          4    ####...
e - Conjure Flame         Conj/Fire      #.......     14%         3    ##.....
f - Blink                 Tloc           N/A          12%         2    None

Your spell library contained the following spells:

 Spells                   Type           Power        Failure   Level  Hunger
 Sandblast                Erth           #.....       8%          1    None
 Magic Dart               Conj           ##..         3%          1    None
 Call Imp                 Summ           #.......     12%         2    None
 Slow                     Hex            #.......     12%         2    None
 Summon Ice Beast         Ice/Summ       ###.....     14%         4    ####...
 Mephitic Cloud           Conj/Pois/Air  #.......     16%         3    ##.....


Dungeon Overview and Level Annotations

Branches:
Dungeon (7/15)             Temple (1/1) D:6

Altars:
Ashenzari
Dithmenos
Kikubaaqudgha
Okawaru
Sif Muna
Vehumet
Wu Jian
Xom
Yredelemnul
Zin
The Shining One

Shops:
D:6 }   D:7 (


Message History

Aiming: Freeze (safe; 1% risk of failure)
Press: ? - help, Shift-Dir - straight line, f/p - orc warrior
Aim: an orc warrior, wielding a +3 hand axe of freezing, wearing a +0 chain You freeze the orc warrior.
The orc warrior is severely wounded.
The hungry ghost hits you.
You are starving!
The orc warrior hits you with a +3 hand axe of freezing!
* * * LOW HITPOINT WARNING * * *
The orc warrior freezes you.
* * * LOW HITPOINT WARNING * * *
You feel much better. The hungry ghost barely misses you.
The orc warrior barely misses you.
You don't have the energy to cast that spell.
You eat one of the 17 rations.
That ration really hit the spot!
The hungry ghost completely misses you.
The orc warrior zaps a wand.
The bolt of acid hits you!
* * * LOW HITPOINT WARNING * * *
You are splashed with acid!
The acid burns!
You die...

##.⌠.⌠.## #..##.###.)##.
########## #.###.##..##..
#......######.# #.##o##..#
#...##.....##.###.##.#..#.
###.######....o...##.#.##.
#....##..#####.W##......
####.##.## #...W.#.##.
#....[o# ##....#..#.
#....@.# #.#..##..#
#....W.#### #.#...##..
#.......[.# #.#.#..##.
#......##># #.#.....##
#......##.###.##....#
#......##.)##.###...#.
#......###...........#
#.......#####.......#.
#######.##..........#


You could see a hungry ghost and an orc warrior.

Vanquished Creatures
  Pikel (D:6)
  A spriggan (D:7)
  A water moccasin (D:5)
  A black bear (D:7)
  An orc warrior (D:7)
  2 sky beasts
  3 slaves (D:6)
  2 ogres
  2 centaurs
  A bullfrog (D:7)
  A scorpion (D:5)
  A water moccasin skeleton (D:7)
  3 vampire bats (D:7)
  2 crimson imps (D:7)
  4 orc wizards
  A centaur zombie (D:5)
  7 orc priests
  A centaur skeleton (D:4)
  3 hounds
  2 bullfrog skeletons
  An iguana (D:7)
  A worker ant (D:4)
  2 hound skeletons (D:5)
  8 gnolls
  A howler monkey skeleton (D:4)
  8 adders
  3 oozes
  2 worms (D:4)
  7 dart slugs
  8 leopard geckos
  26 orcs
  5 bat skeletons (D:7)
  A bat zombie (D:7)
  4 giant cockroaches
  11 goblins
  6 hobgoblins
  21 jackals
  2 quokkas
  7 bats
  3 frilled lizards
  11 kobolds
  A quokka skeleton (D:4)
  7 rats
186 creatures vanquished.

Vanquished Creatures (others)
  2 orcs (D:7)
  A quokka (D:6)
3 creatures vanquished.

Grand Total: 189 creatures vanquished

Notes
Turn   | Place    | Note
-------+----------+-------------------------------------------
     0 | D:1      | tilp the Merfolk Ice Elementalist began the quest for the
                  | Orb.
     0 | D:1      | Reached XP level 1. HP: 13/13 MP: 3/3
   150 | D:1      | Reached XP level 2. HP: 16/19 MP: 0/5
   157 | D:1      | Learned a level 2 spell: Throw Frost
   220 | D:1      | Reached skill level 4 in Ice Magic
   764 | D:1      | Reached XP level 3. HP: 24/24 MP: 1/6
   769 | D:1      | Learned a level 3 spell: Ozocubu's Armour
   977 | D:1      | Reached skill level 5 in Ice Magic
  1589 | D:2      | Reached XP level 4. HP: 26/30 MP: 7/7
  2012 | D:2      | Found an ornate altar of the Wu Jian Council.
  2540 | D:3      | Found a shimmering altar of Xom.
  2540 | D:3      | Noticed an angel
  2632 | D:3      | Found a basalt altar of Yredelemnul.
  2741 | D:3      | Found a glowing silver altar of Zin.
  2751 | D:3      | Reached skill level 6 in Ice Magic
  2753 | D:3      | Reached XP level 5. HP: 22/35 MP: 6/8
  2936 | D:3      | Noticed a sky beast
  2993 | D:3      | Killed a sky beast
  2993 | D:3      | Reached skill level 7 in Ice Magic
  3422 | D:3      | Reached XP level 6. HP: 41/41 MP: 9/9
  4004 | D:4      | Found a radiant altar of Vehumet.
  4087 | D:4      | Reached skill level 8 in Ice Magic
  4274 | D:4      | Reached skill level 1 in Fighting
  4274 | D:4      | Reached XP level 7. HP: 31/49 MP: 0/10
  4803 | D:4      | Became a worshipper of Vehumet
  5138 | D:4      | Found a deep blue altar of Sif Muna.
  5243 | D:4      | Found a shadowy altar of Dithmenos.
  5268 | D:4      | Reached skill level 5 in Dodging
  5580 | D:5      | Entered Level 5 of the Dungeon
  5911 | D:5      | Reached XP level 8. HP: 37/60 MP: 5/11
  5924 | D:5      | Reached * piety under Vehumet
  5924 | D:5      | Offered knowledge of Sting by Vehumet.
  6001 | D:5      | Reached skill level 1 in Conjurations
  6209 | D:5      | Reached skill level 1 in Charms
  7431 | D:6      | Reached skill level 1 in Shields
  7502 | D:6      | Found a shattered altar of Ashenzari.
  7554 | D:6      | Found a staircase to the Ecumenical Temple.
  7722 | D:6      | Found a glowing golden altar of the Shining One.
  7741 | D:6      | Found Utozeemiwo's Gadget Emporium.
  7811 | D:6      | Noticed Pikel
  7820 | D:6      | Killed Pikel
  7820 | D:6      | Reached XP level 9. HP: 65/65 MP: 3/15
  7880 | Temple   | Entered the Ecumenical Temple
  7949 | D:6      | Learned a level 4 spell: Throw Icicle
  7953 | D:6      | Learned a level 3 spell: Conjure Flame
  7956 | D:6      | Learned a level 2 spell: Blink
  8017 | D:6      | Found an iron altar of Okawaru.
  8270 | D:7      | Offered knowledge of Sandblast by Vehumet.
  8328 | D:7      | Reached ** piety under Vehumet
  8328 | D:7      | Reached skill level 5 in Spellcasting
  8420 | D:7      | Found Kukunen's Antique Weapon Shoppe.
  9008 | D:7      | Found an ancient bone altar of Kikubaaqudgha.
  9309 | D:7      | HP: 2/65 [orc warrior/+3 hand axe of freezing (5)]
  9311 | D:7      | Splashed by an orc warrior's acid

Vault maps used:
D:1:      matt_arrival_grand_opening, st_stairs_12
D:2:      lemuel_round_altar, serial_co_window_serial,
          co_window_of_opportunity_a, co_window_paths_b, co_window_paths_a,
          co_window_corner_a, co_window_paths_a, co_window_corner_a,
          co_window_corner_a, co_window_corner_b, co_window_corner_ca,
          co_window_corner_ca, co_window_2corner, co_window_2corner,
          co_window_4corner_b, glass_columns_b, first_ration
D:3:      grunt_temple_overflow_order_and_chaos_1, lemuel_round_altar
D:4:      kennysheep_little_box, overflow_temple_1_default, led_sif_pool
D:5:      due_unseen_surprise
D:6:      ashenzari_altar_1, lemuel_round_altar, lemuel_doored_altar,
          minmay_temple_entry_statues_pillars, serial_corexii_hall,
          chequers_hall_statues_wall_a, corexii_hall_statues_u, serial_shops,
          shop_statue, uniq_pikel
D:7:      minmay_the_grid_octo_tiled_octocenter, kennysheep_vampire_church,
          serial_shops, shop, the_bakery, elyvilon_altar_5, uniq_harold
Temple:   nicolae_temple_figure_zero

Skill      XL: |  1  2  3  4  5  6  7  8  9 |
---------------+----------------------------+-----
Ice Magic      | 4 5 6 7 8 |  8.0
Dodging        | 3 6 |  6.7
Fighting       | 1 4 |  4.0
Conjurations   | 2 |  2.0
Charms         | 4 |  4.2
Spellcasting   | 4 6 |  6.2
Shields        | 3 4 |  4.0
Polearms       | 2 |  2.3
Stealth        | |  2.1

Action                   |  1- 3 |  4- 6 |  7- 9 || total
-------------------------+-------+-------+-------++-------
Melee: Dagger            |    20 |   209 |   497 ||   726
Throw: Stone             |     1 |       |     1 ||     2
 Cast: Freeze            |    57 |    32 |    87 ||   176
       Throw Frost       |     1 |     5 |    15 ||    21
       Ozocubu's Armour  |       |     6 |    19 ||    25
Evoke: Wand              |       |       |     3 ||     3
  Use: Scroll            |       |     6 |     6 ||    12
       Potion            |       |     2 |     3 ||     5
 Stab: Sleeping          |       |     6 |       ||     6
  Eat: Chunk             |     2 |    11 |    13 ||    26
       Ration            |       |       |     3 ||     3
Armor: Robe              |     6 |    34 |       ||    40
       Leather armour    |       |    27 |   171 ||   198
Dodge: Dodged            |    59 |   169 |   498 ||   726
Block: Buckler           |       |       |    55 ||    55

Table legend:
 A = Non-vault XP
 B = Vault XP
 C = Vault XP percentage of total XP
 D = Non-vault monster count
 E = Vault monster count
 F = Vault count percentage of total count
                 A         B        C        D         E       F
            +---------+---------+-------+---------+---------+-------
      Total |    2554 |    1346 |  34.5 |     164 |      20 |  10.9
            +---------+---------+-------+---------+---------+-------
        D:1 |      70 |       6 |   7.9 |      27 |       3 |  10.0
        D:2 |      44 |       0 |   0.0 |      16 |       0 |   0.0
        D:3 |     295 |       0 |   0.0 |      40 |       0 |   0.0
        D:4 |     555 |       0 |   0.0 |      36 |       0 |   0.0
        D:5 |     969 |       0 |   0.0 |      29 |       0 |   0.0
        D:6 |     163 |     663 |  80.3 |       3 |       1 |  25.0
        D:7 |     458 |     677 |  59.6 |      13 |      16 |  55.2
            +---------+---------+-------+---------+---------+-------
